 Dungeon Crawl Stone Soup version 0.30-a0-696-g2367cd04db (webtiles) character file.

Game seed: 16092316851830081575

1833 Newt the Ruffian (level 8, -1/61 HPs)
             Began as a Demonspawn Gladiator on Jan 20, 2023.
             Was an Elder of Uskayaw.
             Slain by an orc warrior
             ... wielding a +0 vampiric short sword
              (8 damage)
             ... on level 7 of the Dungeon.
             The game lasted 00:09:20 (6340 turns).

Newt the Ruffian (Demonspawn Gladiator)             Turns: 6340, Time: 00:09:21

Health: -1/61      AC:  5    Str: 16    XL:     8   Next: 86%
Magic:  12/12      EV: 12    Int: 10    God:    Uskayaw [****..]
Gold:   265        SH:  4    Dex: 15    Spells: 7/7 levels left

rFire   . . .      SeeInvis .    f - +3 hammer (protect)
rCold   . . .      Faith    .    (no shield)
rNeg    . . .      Spirit   .    r - +1 leather armour {Will+}
rPois   .          Reflect  .    c - +0 helmet
rElec   .          Harm     .    (no cloak)
rCorr   .          Rampage  .    (gloves unavailable)
Will    +....                    (no boots)
Stlth   ++                       s - amulet of magic regeneration
HPRegen 0.30/turn                (no ring)
MPRegen 0.66/turn                (no ring)

@: no status effects
A: claws 3, large bone plates 1, magic regeneration, fangs 1, wild magic 1
a: Renounce Religion, Stomp, Line Pass


You were on level 7 of the Dungeon.
You worshipped Uskayaw.
Uskayaw was noncommittal.
You visited 1 branch of the dungeon, and saw 7 of its levels.

You collected 265 gold pieces.

Inventory:

Hand Weapons
 a - a +1 rapier
 f - a +3 hammer of protection (weapon)
Missiles
 d - 2 throwing nets (quivered)
 e - 5 javelins
 q - 6 poisoned darts
Armour
 b - a +0 leather armour
 c - a +0 helmet (worn)
 g - a +0 pair of gloves
 r - a +1 leather armour of willpower (worn)
 x - a +0 pair of boots
Jewellery
 s - an amulet of magic regeneration (around neck)
Scrolls
 t - 2 scrolls of blinking
 u - a scroll of identify
 w - a scroll of fear
Potions
 h - 5 potions of curing
 i - a potion of ambrosia
 j - 3 potions of flight
 k - a potion of invisibility {unknown}
 l - 2 potions of mutation
 m - 2 potions of attraction
 n - 4 potions of degeneration {unknown}
 o - a potion of lignification {unknown}
 p - 2 potions of cancellation {unknown}
 v - a potion of magic {unknown}


   Skills:
 + Level 4.4 Fighting
 - Level 2.6 Short Blades
 - Level 4.0 Maces & Flails
 - Level 1.7 Throwing
 - Level 4.0 Armour
 - Level 2.6 Dodging
 - Level 2.0 Stealth
 - Level 6.0 Unarmed Combat
 - Level 6.0 Invocations


You had 7 spell levels left.
You didn't know any spells.
Your spell library contained the following spells:

 Spells                   Type           Power      Damage    Failure   Level
 Freeze                   Ice            0%         1d3       50%         1
 Shock                    Conj/Air       0%         1d3       50%         1
 Frozen Ramparts          Ice            0%         1d1       86%         3
 Hailstorm                Conj/Ice       0%         3d3       86%         3
 Kindle Blastsparks       Fire/Tloc/Air  0%         2d10      86%         3
 Swiftness                Air            0%         N/A       86%         3
 Airstrike                Air            0%         2d(0-16)  99%         4
 Fulminant Prism          Conj/Hex       0%         3d5       99%         4
 Iskenderun's Mystic Bla  Conj/Tloc      0%         2d3       99%         4
 Passage of Golubria      Tloc           0%         N/A       99%         4
 Lee's Rapid Deconstruct  Erth           0%         3d4*      100%        5
 Silence                  Hex/Air        0%         N/A       100%        5
 Lehudib's Crystal Spear  Conj/Erth      0%         10d2      100%        8


Dungeon Overview and Level Annotations

Branches:
Dungeon (7/15)             Temple (0/1) D:6

Altars:
Uskayaw


Innate Abilities, Weirdness & Mutations

You have claws for hands.
You are partially covered in large bone plates. (SH +4)
You regenerate magic rapidly.
You have very sharp teeth.
Your spells are a little harder to cast, but a little more powerful.


Message History

You bite the orc warrior, but do no damage.
The orc warrior is moderately wounded.
The orc warrior struggles against the net.
You sock the orc warrior!
The orc warrior is severely wounded.
The orc warrior struggles against the net.
Uskayaw prepares the audience for your solo!
Aiming: Line Pass
Press: ? - help, Dir - move target, f/p - orc warrior
Aim: an orc warrior, wielding a +0 vampiric short sword and wearing a +0 chain mail (severely wounded, entangled in a net, paralysed)
You can't stand on top of the monster!
Aiming: Line Pass
Press: ? - help, Dir - move target, p - orc warrior The orc warrior appears confused.
The orc warrior is no longer paralysed.
The orc warrior struggles against the net.
The net rips apart, and the orc warrior comes free!
You catch the helpless orc warrior completely off-guard!
You hit the orc warrior.
The orc warrior is severely wounded.
Uskayaw will force your foes to share their pain.
Throw: 7 javelins
Press: ? - help, Shift-Dir - straight line, f - orc warrior
Aim: an orc warrior, wielding a +0 vampiric short sword and wearing a +0 chain mail (severely wounded, confused, 79% to hit)
You throw a javelin.
The javelin pierces through the orc warrior but does no damage.
The orc warrior is severely wounded.
Throw: 6 javelins
Press: ? - help, Shift-Dir - straight line, f/p - orc warrior
Aim: an orc warrior, wielding a +0 vampiric short sword and wearing a +0 chain mail (severely wounded, confused, 79% to hit)
You throw a javelin.
The javelin barely misses the orc warrior.
The orc warrior seems less confused.
The orc warrior unwields a +0 vampiric short sword.
The orc warrior wields a +0 arbalest.
The orc warrior shoots a bolt.
The bolt barely misses you.
Okay, then.
The orc warrior unwields a +0 arbalest.
The orc warrior wields a +0 vampiric short sword.
The orc warrior hits you with a +0 vampiric short sword!
You die...

###############
#..#....<##...##
#..............#
#...[..........#
#......).......#
#####..##...###..##
...##..##...###..###
........#.....#....#
........+.....#)@..#
...<....#.....#.o..#
........#.....#))..#
#+#######...###(.###
##### #..# ....
.....# .....+ #.####


You could see an orc warrior.

Vanquished Creatures
  Prince Ribbit (D:5)
  Eustachio (D:6)
  A sky beast (D:6)
  An ice beast (D:3)
  2 ogres
  2 phantoms
  A kobold brigand (D:7)
  A bullfrog (D:6)
  5 scorpions
  A necrophage (D:4)
  3 hounds
  Crazy Yiuf (D:2)
  An orc priest (D:5)
  Jessica (D:3)
  Natasha (twice) (D:3)
  4 iguanas
  An orc wizard (D:4)
  Robin (D:2)
  4 adders
  2 worms
  2 dart slugs
  16 orcs
  7 ball pythons
  6 endoplasms
  A giant cockroach (D:2)
  8 hobgoblins
  5 jackals
  2 quokkas
  10 bats
  3 frilled lizards
  13 goblins
  11 kobolds
  2 rats
122 creatures vanquished.

Vanquished Creatures (others)
  A withered plant (D:1)
1 creature vanquished.

Grand Total: 123 creatures vanquished

Notes
Turn   | Place    | Note
-------+----------+-------------------------------------------
     0 | D:1      | Newt the Demonspawn Gladiator began the quest for the Orb.
     0 | D:1      | Reached XP level 1. HP: 16/16 MP: 1/1
    83 | D:1      | Reached skill level 1 in Stealth
   238 | D:1      | Found a faded altar of an unknown god.
   263 | D:1      | Prayed at the altar of an unknown god.
   263 | D:1      | Became a worshipper of Uskayaw the Reveller
   263 | D:1      | Reached * piety under Uskayaw
   287 | D:1      | Gained mutation: You have sharp fingernails. [demonic
                  | ancestry]
   287 | D:1      | Reached XP level 2. HP: 22/22 MP: 2/2
   288 | D:1      | Reached ** piety under Uskayaw
   604 | D:2      | Gained mutation: You have very sharp teeth. [potion of
                  | mutation]
   604 | D:2      | Gained mutation: Your spells are a little harder to cast,
                  | but a little more powerful. [potion of mutation]
   681 | D:2      | Noticed Robin
   685 | D:2      | Killed Robin
   685 | D:2      | Reached *** piety under Uskayaw
   686 | D:2      | Gained mutation: You are partially covered in large bone
                  | plates. (SH +4) [demonic ancestry]
   686 | D:2      | Reached XP level 3. HP: 28/28 MP: 3/3
   687 | D:2      | Reached **** piety under Uskayaw
   691 | D:2      | Reached ***** piety under Uskayaw
  1122 | D:2      | Found a runed translucent door.
  1123 | D:2      | Noticed Crazy Yiuf
  1135 | D:2      | Killed Crazy Yiuf
  1136 | D:2      | Gained mutation: You have very sharp fingernails. [demonic
                  | ancestry]
  1136 | D:2      | Reached XP level 4. HP: 33/37 MP: 4/4
  2037 | D:3      | Noticed Jessica
  2041 | D:3      | Killed Jessica
  2042 | D:3      | Reached skill level 1 in Maces & Flails
  2198 | D:3      | Noticed Natasha
  2209 | D:3      | Killed Natasha
  2210 | D:3      | Reached XP level 5. HP: 41/42 MP: 5/5
  2504 | D:3      | Noticed an ice beast
  2523 | D:3      | Killed an ice beast
  2946 | D:3      | Noticed Natasha
  2952 | D:3      | Killed Natasha
  2953 | D:3      | Gained mutation: You have claws for hands. [demonic
                  | ancestry]
  2953 | D:3      | Reached XP level 6. HP: 43/48 MP: 6/6
  3247 | D:4      | Reached skill level 1 in Unarmed Combat
  3897 | D:5      | Entered Level 5 of the Dungeon
  3907 | D:5      | Reached XP level 7. HP: 33/54 MP: 7/7
  4333 | D:5      | Noticed Prince Ribbit
  4359 | D:5      | Killed Prince Ribbit
  4360 | D:5      | Reached skill level 5 in Unarmed Combat
  4858 | D:5      | Reached skill level 1 in Armour
  4858 | D:5      | Gained mutation: You regenerate magic rapidly. [demonic
                  | ancestry]
  4858 | D:5      | Reached XP level 8. HP: 16/60 MP: 8/8
  5229 | D:6      | Noticed Eustachio
  5352 | D:6      | Killed Eustachio
  5664 | D:6      | Found a staircase to the Ecumenical Temple.
  5998 | D:6      | Reached skill level 5 in Invocations
  6340 | D:7      | Slain by an orc warrior

Illustrated notes

Levels and vault maps discovered:
D:1:      dpeg_arrival_simpleton_a, layout_basic,
          ebering_ecumenical_altar_petrified, minmay_pentomino_v2
D:2:      layout_basic, serial_co_window_serial, co_window_paths_b,
          co_window_of_opportunity_a, co_window_cross_1, co_window_paths_b,
          co_window_paths_b, co_window_paths_b, co_window_paths_a,
          co_window_corner_cb, co_window_cross_2, co_window_2corner,
          co_window_corner_b, co_window_2corner, co_window_corner_b,
          co_window_broadway_a, co_window_sun, glass_columns_a, uniq_robin,
          uniq_crazy_yiuf_cottage
D:3:      layout_basic, nicolae_hexahallways, uniq_jessica, uniq_natasha
D:4:      layout_loops_ring, mainiacjoe_overflow_small_starburst
D:5:      layout_basic, uniq_prince_ribbit1
D:6:      layout_cave_pods, zin_statuary, minmay_temple_entry_drinking_statues,
          minmay_holes, uniq_eustachio
D:7:      layout_gridville

Skill      XL: |  1  2  3  4  5  6  7  8 |
---------------+-------------------------+-----
Stealth        | 1 2 |  2.0
Fighting       | 3 4 |  4.4
Maces & Flails | 2 3 4 |  4.0
Unarmed Combat | 3 6 |  6.0
Armour         | 1 4 |  4.0
Invocations    | 6 |  6.0
Short Blades   | |  2.6
Throwing       | |  1.7
Dodging        | |  2.6

Action                   |  1- 3 |  4- 6 |  7- 9 || total
-------------------------+-------+-------+-------++-------
Melee: Rapier            |    88 |       |       ||    88
       Bite              |     8 |    14 |    21 ||    43
       Mace              |     4 |   157 |   187 ||   348
       Punch             |       |     3 |     5 ||     8
Throw: Javelin           |     9 |       |     5 ||    14
       Throwing net      |     1 |       |     4 ||     5
       Dart              |       |       |     6 ||     6
Invok: Stomp             |       |       |     4 ||     4
       Line Pass         |       |       |     1 ||     1
  Use: Scroll            |     4 |    10 |     1 ||    15
       Potion            |     2 |       |     2 ||     4
 Stab: Held in net/web   |     2 |       |       ||     2
       Sleeping          |     1 |     5 |       ||     6
       Distracted        |       |     1 |     1 ||     2
       Paralysed         |       |     2 |     8 ||    10
       Confused          |       |       |     1 ||     1
Armor: Leather armour    |    55 |    70 |   105 ||   230
Dodge: Dodged            |    82 |    94 |   161 ||   337
Block: Other             |     5 |    28 |    49 ||    82

Table legend: (Time is in decaauts)
 A = Elapsed time spent in this place.
 B = Non-inter-level travel time spent in this place.
 C = Inter-level travel time spent in this place.
 D = Time resting spent in this place.
 E = Time spent auto-exploring this place.
 F = Levels seen in this place.
 G = Mean time per level.
                   A        B        C        D        E       F      G
               +--------+--------+--------+--------+--------+-----+--------+
         Total |   6428 |   6250 |    178 |    716 |   4418 |   7 |  918.3 |
       Dungeon |   6428 |   6250 |    178 |    716 |   4418 |   7 |  918.3 |
               +--------+--------+--------+--------+--------+-----+--------+

Top non-repeatable levels by time:
     D:2: 1444 daAuts
     D:5: 1264 daAuts
     D:6: 1125 daAuts
     D:3: 1067 daAuts
     D:4: 835 daAuts
     D:1: 599 daAuts
     D:7: 92 daAuts
